 Dungeon Crawl Stone Soup version 0.19-a0-2013-g488b080 (webtiles) character file.

27927 Firecrotchwizard the Cleaver (level 13, -3/122 HPs)
             Began as a Minotaur Fighter on Jan 17, 2017.
             Was the Champion of Okawaru.
             Killed from afar by an orc sorcerer (15 damage)
             ... with a bolt of negative energy
             ... on level 2 of the Orcish Mines.
             The game lasted 00:29:33 (13718 turns).

Firecrotchwizard the Cleaver (Minotaur Fighter)    Turns: 13718, Time: 00:29:33

Health: -3/122     AC: 18    Str: 33    XL:     13   Next: 7%
Magic:  15/15      EV: 14    Int:  5    God:    Okawaru [******]
Gold:   2348       SH:  6    Dex: 21    Spells: 12/12 levels left

rFire  . . .     SeeInvis .     E - +6 war axe of Catzahest {chop, Fragile rElec Dex+8}
rCold  . . .     Faith    .     I - +1 plate armour {MR+}
rNeg   . . .     Spirit   .     e - +0 buckler
rPois  .         Reflect  .     J - +1 hat {MR+}
rElec  +                        (no cloak)
rCorr  .                        w - +0 pair of gloves
MR     ++...                    (no boots)
Stlth  ..........               (no amulet)
                                B - ring of flight
                                i - +5 ring of strength

@: mighty, about to teleport, very slightly contaminated, drained
A: retaliatory headbutt, horns 2
a: Heroism, Finesse, Renounce Religion, Evoke Flight


You were on level 2 of the Orcish Mines.
You worshipped Okawaru.
Okawaru was exalted by your worship.
You were not hungry.

You visited 2 branches of the dungeon, and saw 14 of its levels.
You also visited: Sewer.

You collected 2348 gold pieces.

Inventory:

Hand Weapons
 a - a +0 war axe
 E - the +6 war axe of Catzahest (weapon) {chop, Fragile rElec Dex+8}
   (You found it on level 8 of the Dungeon)

   It inflicts extra damage upon your enemies.
   It affects your dexterity (+8).
   It insulates you from electricity.
   It will be destroyed if unequipped.
Missiles
 q - 212 javelins
 C - a throwing net
 G - 10 needles of confusion
 H - 308 poisoned javelins (quivered)
Armour
 b - a +0 scale mail
 c - a +0 shield
 e - a +0 buckler (worn)
 p - a +0 chain mail
 w - a +0 pair of gloves (worn)
 D - a +0 plate armour
 I - a +1 plate armour of magic resistance (worn)
 J - a +1 hat of magic resistance (worn)
Jewellery
 i - a +5 ring of strength (left hand)
 B - a ring of flight (right hand)
Wands
 m - a wand of flame (23/24)
 t - a wand of random effects (4/24)
 x - a wand of confusion (7/24)
 F - a wand of enslavement (11/18)
 K - a wand of polymorph (12/18)
 L - a wand of confusion (13/24)
Scrolls
 j - 2 scrolls of blinking
 k - 4 scrolls of fog
 l - 8 scrolls of teleportation
 n - 3 scrolls of recharging
 o - 2 scrolls of fear
 r - 3 scrolls of amnesia
 y - 2 scrolls of magic mapping
Potions
 d - a potion of might
 f - a potion of resistance
 g - 2 potions of haste
 h - 2 potions of flight
 s - 5 potions of agility
 u - 3 potions of cancellation
 v - 4 potions of brilliance
 z - 3 potions of curing
 M - a potion of cure mutation


   Skills:
 * Level 13.4(12.8) Fighting
 * Level 13.9(13.2) Axes
 + Level 8.0(7.4) Throwing
 + Level 10.7(10.1) Armour
 + Level 9.2(8.6) Dodging
 - Level 3.6(3.1) Shields
 + Level 5.1(4.6) Invocations


You had 12 spell levels left.
You didn't know any spells.

Dungeon Overview and Level Annotations

Branches:
Dungeon (12/15)            Temple (0/1) D:6             Orc (2/2) D:10
   Lair: D:-1         Crypt: Vaults:-1     Tomb: Vaults:-1

Altars:
Makhleb
Nemelex Xobeh
Okawaru
Qazlal

Shops:
D:5 :   D:6 *   Orc:2 ?

Annotations:
D:12 exclusion: ice statue


Innate Abilities, Weirdness & Mutations

You reflexively headbutt those who attack you in melee.
You have a pair of horns on your head.


Message History

The orc hits you but does no damage. You block the orc's attack.
You feel much better.
The orc high priest hits you but does no damage.
The orc warrior hits you from afar with a +0 glaive of protection (31)!!
* * * LOW HITPOINT WARNING * * *
You block the orc's attack. The orc barely misses you.
You hear a shout!
Blink to where?
Press: ? - help, Dir - move target cursor You are very lightly contaminated with residual magic.
As you read the scroll of blinking, it crumbles to dust.
The orc warrior no longer looks unusually strong.
An orc sorcerer comes into view. It is wielding a +0 dagger.
The orc sorcerer shouts!
As you read the scroll of teleportation, it crumbles to dust.
You feel strangely unstable.
The orc warrior hits you but does no damage.
The orc sorcerer points at you and mumbles some strange words.
The bolt of negative energy hits you!
You feel drained.
You die... #3# #... ###.###o# ...... .oooo.oo#

..... # #)# ..o# #. #ยง#
..# ###.###o#######..#
.........)oo.o....#.#..
..............o.........
....####...#####@###...
#....##.#.## #...#
##.........# #....#
#.....#.#.## ##....
#....##.## ##....
##.......# #####....
##.......###..........
#......................
#..........#.....#.


You could see an orc high priest, an orc sorcerer, an orc warrior and 3 orcs.

Vanquished Creatures
  Gastronok (D:11)
  Josephine (D:12)
  A centaur warrior (D:11)
  A hydra (D:10)
  2 two-headed ogres
  2 orc high priests
  Nergalle (D:10)
  5 skeletal warriors (D:12)
  An unseen horror (D:11)
  An orc knight (Orc:2)
  2 deep elf magi (D:11)
  A cyclops (D:11)
  3 ugly things
  An orc sorcerer (Orc:2)
  A torpor snail (D:12)
  A gargoyle (D:10)
  3 spiny frogs
  3 trolls
  Prince Ribbit (D:6)
  A meliai zombie (D:12)
  2 dream sheep (D:10)
  A shadow (D:11)
  5 wyverns
  5 wraiths
  A vampire (D:11)
  5 yaks (D:10)
  Grum (D:10)
  4 angry ghosts
  6 wargs (Orc:2)
  A spiny frog zombie (D:8)
  A water moccasin (D:7)
  3 ice beasts
  14 orc warriors
  3 wasps
  2 black bears (D:10)
  A spiny frog skeleton (D:10)
  A blink frog zombie (D:10)
  2 wolves (D:10)
  8 centaurs
  9 ogres
  3 big kobolds (D:10)
  2 wyvern zombies
  A gnoll sergeant (D:7)
  4 bullfrogs
  A wyvern skeleton (D:10)
  A water moccasin zombie (D:5)
  2 scorpions
  A troll zombie (D:10)
  6 killer bees (D:9)
  4 wights (D:11)
  2 crimson imps
  3 howler monkeys
  A wasp zombie (D:11)
  2 quasits
  5 centaur zombies
  12 orc priests
  4 jellies
  A bullfrog skeleton (D:7)
  5 hounds
  16 orc wizards
  2 centaur skeletons
  Terence (D:2)
  4 iguanas
  4 worker ants
  5 ogre zombies (D:10)
  A hound skeleton (D:7)
  A howler monkey zombie (D:5)
  12 gnolls
  A river rat (Sewer)
  11 adders
  A shadow imp (D:5)
  2 adder skeletons (D:4)
  A dart slug (D:2)
  5 leopard geckos
  39 orcs
  6 ball pythons
  10 bats
  8 giant cockroaches
  9 goblins
  4 hobgoblins
  3 jackals (D:4)
  7 kobolds
  2 quokkas
  12 frilled lizards
  A goblin skeleton (D:10)
  A goblin zombie (D:10)
  3 hobgoblin zombies (D:10)
  3 orc skeletons (D:10)
  11 orc zombies (D:10)
  A quokka skeleton (D:4)
  22 rats
  A plant (D:10)
378 creatures vanquished.

Vanquished Creatures (others)
  A fungus (D:10)
  2 plants (D:10)
3 creatures vanquished.

Grand Total: 381 creatures vanquished

Notes
Turn   | Place    | Note
-------+----------+-------------------------------------------
     0 | D:1      | Firecrotchwizard the Minotaur Fighter began the quest for the Orb.
     0 | D:1      | Reached XP level 1. HP: 19/19 MP: 0/0
   223 | D:1      | Reached XP level 2. HP: 27/27 MP: 1/1
   827 | D:2      | Reached XP level 3. HP: 22/33 MP: 2/2
  1039 | D:2      | Noticed Terence
  1047 | D:2      | Killed Terence
  1047 | D:2      | Reached skill level 1 in Dodging
  1185 | D:2      | Reached XP level 4. HP: 38/41 MP: 3/3
  1299 | D:2      | Found an iron altar of Okawaru.
  1312 | D:2      | Became a worshipper of Warmaster Okawaru
  1752 | D:3      | Reached skill level 5 in Fighting
  1784 | D:3      | Found a glowing drain.
  1797 | D:3      | Reached XP level 5. HP: 48/48 MP: 4/4
  1821 | Sewer    | Entered a sewer
  2427 | D:3      | Reached XP level 6. HP: 56/56 MP: 5/5
  2785 | D:4      | Reached skill level 5 in Armour
  2788 | D:4      | Reached skill level 5 in Axes
  2912 | D:4      | Reached * piety under Okawaru
  3020 | D:4      | Found a sparkling altar of Nemelex Xobeh.
  3208 | D:4      | Reached XP level 7. HP: 49/63 MP: 6/6
  3527 | D:5      | Entered Level 5 of the Dungeon
  3621 | D:5      | Reached skill level 1 in Throwing
  3997 | D:5      | HP: 3/64 [ogre/+0 giant club (8)]
  4243 | D:5      | Found Keaps's Book Shoppe.
  4345 | D:5      | Reached ** piety under Okawaru
  4345 | D:5      | Reached XP level 8. HP: 63/71 MP: 7/7
  4958 | D:6      | Found Qewec Neg's Assorted Antiques.
  5501 | D:6      | Noticed Prince Ribbit
  5517 | D:6      | Killed Prince Ribbit
  5517 | D:6      | Reached *** piety under Okawaru
  5563 | D:6      | Found a staircase to the Ecumenical Temple.
  5786 | D:7      | Reached XP level 9. HP: 63/81 MP: 8/8
  5980 | D:7      | Reached skill level 5 in Dodging
  6892 | D:8      | Got the +6 war axe of Catzahest {chop, Fragile rElec Dex+8}
  7232 | D:8      | Found a stormy altar of Qazlal.
  7232 | D:8      | Found a burning altar of Makhleb.
  7296 | D:8      | Reached **** piety under Okawaru
  7935 | D:9      | Reached XP level 10. HP: 92/92 MP: 9/9
  8306 | D:9      | Noticed a spiny frog
  8313 | D:9      | Killed a spiny frog
  8313 | D:9      | Reached skill level 10 in Axes
  8561 | D:10     | Entered Level 10 of the Dungeon
  8582 | D:10     | Noticed a gargoyle
  8589 | D:10     | Killed a gargoyle
  8589 | D:10     | Received a gift from Okawaru
  8589 | D:10     | Reached skill level 10 in Fighting
  8589 | D:10     | Reached skill level 5 in Throwing
  8686 | D:10     | Received a gift from Okawaru
  8751 | D:10     | Found a staircase to the Orcish Mines.
  8990 | D:10     | Reached ***** piety under Okawaru
  9000 | D:10     | Noticed a three-headed hydra
  9006 | D:10     | Killed a three-headed hydra
  9006 | D:10     | Reached XP level 11. HP: 66/101 MP: 10/10
  9207 | D:10     | Reached skill level 1 in Invocations
  9210 | D:10     | Noticed Nergalle
  9224 | D:10     | Killed Nergalle
  9559 | D:10     | Received a gift from Okawaru
  9865 | D:10     | Noticed Grum
  9870 | D:10     | Killed Grum
 10095 | D:11     | Noticed a centaur warrior
 10101 | D:11     | Killed a centaur warrior
 10390 | D:11     | Noticed a two-headed ogre
 10396 | D:11     | Killed a two-headed ogre
 10412 | D:11     | Killed an unseen horror
 10593 | D:11     | Noticed Gastronok
 10613 | D:11     | Killed Gastronok
 10860 | D:11     | Noticed a deep elf mage
 10867 | D:11     | Killed a deep elf mage
 10867 | D:11     | Reached XP level 12. HP: 81/112 MP: 13/13
 11417 | D:11     | Reached skill level 10 in Armour
 12059 | D:12     | Received a gift from Okawaru
 12062 | D:12     | Noticed an orc high priest
 12072 | D:12     | Killed an orc high priest
 12300 | D:12     | Noticed Josephine
 12306 | D:12     | Killed Josephine
 12306 | D:12     | Reached ****** piety under Okawaru
 12468 | D:12     | Noticed a two-headed ogre
 12470 | D:12     | Killed a two-headed ogre
 12470 | D:12     | Received a gift from Okawaru
 12680 | D:12     | Received a gift from Okawaru
 13330 | Orc:1    | Entered Level 1 of the Orcish Mines
 13409 | Orc:2    | Entered Level 2 of the Orcish Mines
 13409 | Orc:2    | Noticed an orc high priest
 13414 | Orc:2    | Killed an orc high priest
 13423 | Orc:2    | Reached skill level 5 in Invocations
 13604 | Orc:2    | Found Etasoas's Magic Scroll Boutique.
 13625 | Orc:2    | Reached XP level 13. HP: 109/122 MP: 15/15
 13709 | Orc:2    | HP: 3/122 [orc high priest/+0 trident (4)]
 13718 | Orc:2    | Killed from afar by an orc sorcerer

Vault maps used:
D:1:      onia_arrival_mini_maze
D:2:      kennysheep_okawaru_gauntlet, uniq_terence
D:3:      gup_sewer_entry_glass
D:4:      first_bread, hangedman_decor_opposing, nemelex_lonely_heart_becter
D:5:      serial_shops, shop
D:6:      serial_shops, shop_fountains, uniq_prince_ribbit1
D:8:      gammafunk_temple_overflow_wave
D:10:     zombieorc1_lemuel, hangedman_ranch, uniq_grum, uniq_nergalle
D:11:     uniq_gastronok
D:12:     minivault_16, minmay_misc_feat_doors, uniq_josephine
Orc:1:    serial_shops, nicolae_shop_crystal
Orc:2:    st_orc_town, serial_shops, shop
Sewer:    sewer_co_cracked_pipes

Skill      XL: |  1  2  3  4  5  6  7  8  9 10 11 12 |
---------------+-------------------------------------+-----
Fighting       | 4 5 6 8 9 10 12 13 | 13.4
Axes           | 3 4 5 6 8 9 11 12 13 | 13.9
Armour         | 4 5 6 7 9 10 | 10.7
Dodging        | 1 2 3 4 5 7 8 9 |  9.2
Throwing       | 1 3 4 5 7 8 |  8.0
Invocations    | 3 5 |  5.1
Shields        | |  3.6

Action                   |  1- 3 |  4- 6 |  7- 9 | 10-12 | 13-15 || total
-------------------------+-------+-------+-------+-------+-------++-------
Melee: War axe           |    75 |   165 |   239 |   358 |    35 ||   872
       Headbutt          |    10 |    24 |    49 |   110 |     8 ||   201
Throw: Javelin           |       |       |       |    33 |       ||    33
Invok: Heroism           |       |       |     1 |     2 |       ||     3
  Use: Potion            |       |       |     1 |       |     4 ||     5
       Scroll            |       |       |       |     2 |     2 ||     4
 Stab: Distracted        |       |       |       |     1 |       ||     1
Armor: Scale mail        |    29 |    57 |       |       |       ||    86
       Chain mail        |       |    28 |   102 |       |       ||   130
       Plate armour      |       |       |    16 |   140 |    12 ||   168
Dodge: Dodged            |    38 |   111 |   119 |   139 |    20 ||   427
Block: Shield            |     5 |       |       |       |       ||     5
       Buckler           |    14 |    38 |    55 |    78 |    11 ||   196
